Map: Thunderbird LE

Players

MarineLorD - Winner!

  • Race: Terran Terran
  • Spawn Location: 11:00

Cham

  • Race: Zerg Zerg
  • Spawn Location: 5:00

Event: 2019 WCS Summer

VOD

Have the link to the VOD?

Description

Time

  • Played on: July 13, 2019, 7:48 a.m.
  • Length: 21:42

All games in this series

Show
View Real Time Build Order
Export as new Build Order

MarineLorD Terran - Winner!

Build Orders: Command Center First (CC) 

Get SALT Encoding   

  12  0:00  SCV  
  13  0:12  SCV  
  14  0:17  Supply Depot  
  14  0:24  SCV  
  15  0:38  SCV  
  16  0:50  SCV  
  17  0:59  Command Center  
  17  1:02  SCV  
  18  1:11  Barracks  
  18  1:15  SCV  
  19  1:21  Refinery  
  19  1:27  SCV  
  19  1:29  Refinery  
  20  1:39  SCV  
  21  1:51  SCV  
  22  1:58  Reaper  
  23  2:03  Orbital Command  
  23  2:10  Orbital Command  
  23  2:19  Factory  
  24  2:30  SCV  
  24  2:37  SCV  
  25  2:38  Barracks Reactor  
  25  2:42  SCV  
  26  2:49  SCV  
  27  2:52  Command Center  
  27  2:54  SCV  
  28  3:01  SCV  
  29  3:06  SCV  
  30  3:13  SCV, Supply Depot  
  30  3:18  SCV, Hellion x2  
  36  3:24  Marine  
  36  3:25  SCV  
  38  3:32  Engineering Bay x2  
  38  3:35  SCV  
  38  3:37  SCV, Supply Depot  
  39  3:42  Barracks Tech Lab  
  39  3:46  Hellion x2  
  39  3:47  SCV  
  44  3:49  SCV  
  45  3:59  SCV  
  45  4:01  Marine, SCV  
  48  4:06  Orbital Command  
  48  4:11  SCV, Terran Infantry Weapons Level 1, Terran Infantry Armor Level 1  
  48  4:13  SCV  
  50  4:17  Factory Reactor  
  50  4:18  Marine  
  50  4:23  SCV  
  52  4:25  SCV  
  53  4:32  SCV  
  53  4:35  Barracks, SCV  
  53  4:36  Refinery x2  
  53  4:38  Barracks, SCV  
  56  4:39  Marine, Supply Depot  
  56  4:43  Orbital Command  
  58  4:48  SCV  
  58  4:50  SCV  
  59  4:57  Marine  
  59  4:58  Starport  
  60  5:00  SCV  
  60  5:02  Supply Depot  
  60  5:03  Factory Reactor, Supply Depot  
  60  5:06  SCV  
  62  5:08  SCV  
  62  5:09  Armory, Supply Depot  
  62  5:12  SCV  
  64  5:18  SCV  
  64  5:20  Bunker  
  64  5:21  SCV  
  66  5:24  Marine x2  
  66  5:25  Siege Tank  
  66  5:27  Marine  
  72  5:30  SCV  
  72  5:31  SCV  
  72  5:33  SCV  
  72  5:34  Barracks Tech Lab  
  75  5:42  Starport Reactor, SCV  
  76  5:43  SCV  
  76  5:45  Marine x3  
  76  5:47  SCV  
  81  5:51  Barracks x2  
  81  5:53  Supply Depot  
  81  5:54  Stimpack, Marine x2, SCV  
  81  5:55  SCV  
  85  5:57  Siege Tank  
  85  5:58  Supply Depot  
  85  6:00  SCV  
  85  6:02  Marine, Supply Depot  
  85  6:03  Marine  
  91  6:06  SCV  
  91  6:08  Terran Infantry Weapons Level 2, Supply Depot  
  91  6:10  Supply Depot  
  92  6:12  Terran Infantry Armor Level 2  
  92  6:16  Marine x3  
  95  6:19  Medivac  
  95  6:20  Marine, Medivac  
  95  6:24  Marine  
  101  6:26  Supply Depot  
  101  6:33  Siege Tank, Marine x2  
  101  6:37  Marine  
  101  6:38  Marine  
  108  6:40  Barracks Reactor, Barracks Tech Lab  
  108  6:44  Barracks  
  108  6:45  Barracks  
  108  6:46  Marine  
  108  6:47  Barracks  
  109  6:49  Medivac  
  109  6:50  Medivac  
  109  6:51  Marine x2, Supply Depot  
  109  6:53  Refinery  
  115  6:55  Marine  
  115  6:57  Marine  
  115  6:59  Marauder  
  119  7:03  Marine  
  119  7:05  Siege Tank  
  119  7:08  Combat Shield  
  123  7:09  Marine x2  
  123  7:13  Marauder  
  123  7:15  Marine  
  128  7:19  Marine  
  128  7:20  Refinery  
  128  7:21  Marine, Command Center  
  130  7:23  Medivac x2  
  130  7:24  Marine  
  130  7:25  Marine  
  130  7:27  Marine  
  137  7:34  Marauder  
  137  7:35  SCV x3  
  131  7:43  Marine x2  
  131  7:44  Marine, Bunker  
  127  7:47  SCV x3  
  127  7:48  Barracks Reactor, Barracks Tech Lab x2  
  127  7:51  Marine x2  
  131  7:54  Marine x2  
  134  7:59  SCV x3  
  134  8:01  Siege Tank  
  142  8:05  Marauder  
  142  8:06  Marine x3  
  142  8:08  Marauder  
  142  8:09  Marauder  
  142  8:11  SCV  
  142  8:12  SCV x2  
  152  8:23  Marine  
  152  8:24  Marine  
  152  8:26  Concussive Shells  
  154  8:27  Marine  
  154  8:28  Marauder  
  154  8:33  Siege Tank, Marine  
  161  8:35  Marauder x3, Marine x4  
  161  8:37  Terran Vehicle And Ship Armor Level 1  
  171  8:41  SCV  
  172  8:57  Marauder, Marine, SCV  
  172  9:00  Marine, SCV x2  
  172  9:01  Supply Depot x3  
  172  9:05  Supply Depot  
  168  9:14  Marine x2  
  168  9:15  Siege Tank  
  164  9:17  Marine x2  
  164  9:18  Marine  
  164  9:19  Marine, Marauder  
  164  9:20  Marine  
  162  9:24  Bunker  
  162  9:26  Terran Infantry Weapons Level 3  
  162  9:27  Terran Infantry Armor Level 3  
  162  9:30  SCV x2  
  158  9:35  Medivac  
  158  9:36  Medivac  
  158  9:38  Planetary Fortress  
  162  9:40  Marauder  
  162  9:44  Marine  
  162  9:45  Marauder, Marine  
  167  9:51  Marauder, Liberator  
  153  9:53  Marauder  
  153  9:54  Marine  
  140  10:01  Marine  
  140  10:02  Marauder  
  143  10:07  Marauder  
  146  10:16  SCV x3  
  146  10:19  Marauder x2, Marine x4  
  146  10:20  Marine  
  146  10:21  Marine  
  159  10:29  Marauder  
  159  10:31  Marine, Bunker  
  159  10:32  Marauder, Marine  
  159  10:34  Ghost Academy  
  159  10:35  Terran Vehicle And Ship Armor Level 2  
  165  10:38  Supply Depot  
  165  10:39  Liberator  
  165  10:49  Marauder  
  148  10:51  Siege Tank  
  148  10:52  Marauder  
  148  10:55  Marauder  
  148  10:56  Marauder  
  158  11:03  Marine, Refinery, Starport  
  159  11:04  Marine, Refinery  
  159  11:05  Command Center  
  159  11:08  Marine  
  159  11:10  Marauder  
  159  11:11  Marine  
  164  11:13  Marauder  
  164  11:17  Marine x2, Marauder x2  
  172  11:23  Siege Tank  
  175  11:26  Starport  
  175  11:28  Marine x2  
  175  11:29  Marine x2  
  175  11:32  Marauder  
  181  11:34  Marauder  
  181  11:37  Marine x2  
  181  11:38  Marauder  
  187  11:44  Marauder  
  187  11:45  Liberator x2  
  189  11:53  Marauder  
  189  11:57  Siege Tank  
  189  12:01  Marauder  
  171  12:02  Marine  
  171  12:03  Marauder, Marine x2  
  179  12:14  Marine, Marauder  
  179  12:15  Marine, Marauder  
  164  12:20  Starport Tech Lab, Starport Reactor  
  164  12:22  Marauder  
  166  12:26  Marine x2  
  169  12:35  Missile Turret  
  173  12:37  Siege Tank, Sensor Tower, Missile Turret  
  173  12:44  Personal Cloaking, Marauder  
  172  12:46  Liberator  
  172  12:47  Fusion Core  
  172  12:51  Marauder, Terran Vehicle Weapons Level 1  
  172  12:55  Marauder  
  176  13:04  Refinery, Missile Turret  
  176  13:05  Refinery  
  179  13:06  Marine x2  
  179  13:09  Siege Tank  
  179  13:11  Marine  
  190  13:15  Planetary Fortress  
  187  13:26  Command Center  
  186  13:27  Command Center  
  186  13:31  Command Center  
  190  13:39  Missile Turret  
  190  13:41  Ghost x3, Missile Turret  
  183  13:42  Ghost  
  190  13:59  Armory  
  190  14:10  Ghost x2  
  190  14:11  Marauder x2  
  190  14:15  Hi-Sec Auto Tracking  
  190  14:16  Neosteel Armor  
  198  14:31  Ghost  
  200  14:45  Terran Ship Weapons Level 1  
  188  14:58  Ghost x3  
  179  15:00  Viking x5, Ghost  
  179  15:02  Advanced Ballistics  
  188  15:15  Missile Turret  
  188  15:19  Sensor Tower  
  188  15:21  Missile Turret  
  188  15:25  Nuke  
  188  15:27  Ghost Academy x2  
  188  15:31  Ghost Academy  
  188  15:34  Orbital Command x2, Ghost Academy x2  
  182  15:43  Marine  
  182  15:44  Marauder  
  182  15:46  Marauder, Marine  
  182  15:47  Unknown  
  167  15:50  Viking x2, Marauder  
  167  15:53  Marauder  
  159  15:57  SCV x2  
  159  16:03  Viking  
  155  16:06  Viking  
  155  16:07  Liberator x2  
  155  16:08  Liberator  
  157  16:16  Liberator  
  160  16:29  Liberator  
  160  16:31  Siege Tank  
  154  16:38  Marine x3  
  154  16:39  Marauder x2  
  167  16:50  Liberator x2  
  163  17:07  Marauder, Marine x2  
  167  17:17  Viking x2  
  168  17:27  Ghost x3  
  168  17:29  Viking  
  170  17:47  Viking x2  
  170  17:50  Viking x2  
  178  17:54  Command Center  
  178  17:59  Viking  
  178  18:02  Ghost x4  
  178  18:04  Nuke  
  188  18:08  Siege Tank  
  191  18:26  Orbital Command  
  171  18:32  Marauder x2, Marine x3  
  171  18:33  Marine x4, Marauder x2  
  160  18:42  Marine  
  160  18:45  Viking  
  163  18:50  Marine  
  163  18:53  Marine x2  
  163  18:54  Marauder x4, Marine  
  175  18:57  Siege Tank  
  178  19:05  Refinery  
  178  19:06  Refinery  
  178  19:07  Nuke x2  
  178  19:11  Marine  
  178  19:12  Marine, Missile Turret  
  178  19:15  Missile Turret  
  180  19:18  Marine x2  
  180  19:19  Marauder  
  180  19:23  Marauder, Marine  
  187  19:25  Marine  
  187  19:26  Marauder  
  187  19:28  Nuke  
  190  19:33  Medivac x3  
  195  19:42  Marine x2  
  195  19:43  Marauder  
  199  19:46  Nuke x3  
  199  19:59  Command Center  
  195  20:15  Marine, Marauder x2  
  196  20:25  Marauder, Marine x2  
  190  20:34  Marauder  
  190  20:37  Marine x3  
  190  20:38  Marauder  
  190  20:39  Marine  
  190  20:40  Marauder, Marine  
  196  20:46  Marine  
  196  20:47  Marauder  
  199  20:51  Marine  
  199  20:53  Planetary Fortress  
  199  20:55  Command Center  
  198  21:11  Command Center  
  200  21:23  Missile Turret  
  200  21:24  Refinery  
  200  21:25  Missile Turret  
  200  21:26  Refinery, Missile Turret  
Show
View Real Time Build Order
Export as new Build Order

Cham Zerg 

Build Orders: Hatch First, Brood Lord Corruptor 

Get SALT Encoding   

  12  0:01  Drone  
  13  0:08  Drone  
  14  0:16  Overlord  
  14  0:34  Drone x2  
  16  0:47  Hatchery  
  15  0:51  Drone  
  15  0:55  Drone  
  17  0:58  Drone  
  18  1:08  Extractor  
  17  1:13  Spawning Pool  
  17  1:17  Drone  
  17  1:20  Drone  
  18  1:30  Drone  
  19  1:45  Overlord  
  19  1:50  Drone  
  20  2:00  Queen  
  20  2:01  Queen  
  22  2:02  Zergling x4  
  26  2:09  Metabolic Boost  
  26  2:26  Hatchery  
  26  2:29  Drone  
  26  2:33  Drone  
  26  2:34  Drone  
  28  2:42  Overlord  
  28  2:44  Drone x2  
  28  2:49  Drone  
  28  2:51  Drone  
  32  2:58  Queen  
  32  3:02  Drone  
  32  3:05  Overlord  
  35  3:10  Drone x2  
  35  3:12  Drone  
  38  3:15  Drone  
  38  3:16  Drone  
  40  3:20  Drone  
  41  3:28  Queen  
  41  3:30  Drone x2  
  45  3:41  Queen  
  45  3:42  Evolution Chamber, Roach Warren  
  45  3:45  Zergling x2  
  45  3:46  Zergling x2  
  45  3:47  Drone  
  48  3:51  Drone  
  48  3:54  Drone x2  
  48  3:55  Drone  
  52  3:58  Drone  
  52  3:59  Drone  
  52  4:02  Drone  
  55  4:06  Overlord  
  55  4:08  Drone  
  56  4:10  Zerg Ground Armor Level 1  
  58  4:19  Overlord  
  58  4:21  Extractor  
  58  4:22  Drone  
  56  4:24  Roach x2  
  56  4:25  Roach  
  56  4:26  Overlord  
  56  4:28  Drone x2  
  64  4:35  Overlord x2  
  64  4:40  Drone  
  64  4:41  Drone  
  67  4:45  Drone x2  
  67  4:47  Drone x3, Overlord  
  71  4:53  Drone x2  
  71  4:54  Drone  
  71  4:56  Drone x3  
  71  4:58  Drone  
  78  5:00  Lair  
  78  5:03  Drone  
  78  5:06  Drone  
  80  5:09  Baneling Nest  
  80  5:10  Drone  
  80  5:11  Extractor x2  
  78  5:16  Overlord  
  78  5:17  Drone  
  78  5:19  Overlord  
  79  5:23  Drone x2  
  82  5:28  Drone x2  
  82  5:29  Drone  
  82  5:31  Extractor, Roach x3  
  82  5:32  Zergling x4  
  91  5:37  Zergling x2  
  91  5:38  Hatchery  
  91  5:41  Overlord  
  91  5:43  Zergling x2  
  92  5:50  Zergling x6  
  92  5:51  Ravager x3  
  98  5:57  Overlord  
  98  5:59  Drone  
  98  6:00  Drone x5  
  104  6:06  Drone x3  
  107  6:11  Centrifical Hooks  
  107  6:13  Overlord, Zerg Melee Weapons Level 1  
  107  6:15  Zergling x2  
  107  6:16  Zergling x2, Evolution Chamber  
  108  6:21  Zergling x4  
  108  6:22  Zergling x4  
  108  6:23  Zergling x8  
  108  6:25  Zergling x2  
  117  6:29  Overlord  
  117  6:32  Baneling x7  
  116  6:33  Zergling x8  
  116  6:37  Baneling x4  
  116  6:38  Overlord  
  120  6:43  Drone x2  
  122  6:49  Infestation Pit  
  122  6:52  Zergling x4  
  123  6:55  Drone, Overlord  
  123  6:58  Zergling x6  
  123  7:01  Baneling x3, Zerg Ground Armor Level 2  
  127  7:03  Overlord  
  127  7:07  Overlord  
  127  7:08  Extractor  
  126  7:09  Extractor  
  126  7:15  Overlord  
  125  7:16  Drone x3  
  125  7:17  Drone x5  
  125  7:18  Zergling x2  
  125  7:21  Baneling x8  
  125  7:22  Baneling, Zergling x4  
  136  7:24  Zergling x4  
  138  7:30  Hive  
  136  7:39  Drone  
  136  7:40  Spire  
  135  7:44  Drone x5  
  135  7:47  Zergling x12  
  135  7:48  Zergling x6  
  149  7:51  Overlord  
  149  7:53  Zergling x2  
  149  7:54  Hatchery  
  149  7:58  Drone  
  150  8:01  Zergling x2  
  150  8:03  Zergling x4  
  150  8:05  Baneling x7  
  153  8:08  Overlord  
  153  8:10  Zergling x10  
  153  8:11  Zergling x4  
  160  8:17  Zergling x2  
  160  8:24  Zergling x2  
  160  8:25  Zergling x6  
  160  8:26  Baneling x6  
  164  8:27  Zergling x10  
  164  8:30  Zergling x6  
  172  8:38  Baneling x3  
  172  8:39  Baneling x2, Zergling x2  
  172  8:40  Zergling x8  
  177  8:41  Adrenal Glands  
  177  8:44  Zergling x2  
  177  8:45  Zergling x4  
  177  8:46  Baneling x4  
  180  8:48  Zergling x4  
  180  8:49  Zergling x4  
  180  8:51  Overlord x2  
  180  8:54  Baneling x3  
  178  9:07  Zergling x16  
  153  9:18  Zergling x24  
  153  9:20  Baneling  
  153  9:21  Baneling x7  
  153  9:22  Greater Spire  
  153  9:23  Zergling x2  
  158  9:25  Zergling x2  
  158  9:28  Baneling x4  
  158  9:29  Zergling x4  
  161  9:31  Zergling x2  
  161  9:32  Zergling x6  
  161  9:34  Zergling x4  
  161  9:35  Zergling x2  
  161  9:38  Zergling x4  
  170  9:40  Zergling x2  
  170  9:44  Baneling x3  
  170  9:45  Baneling x3  
  170  9:46  Zergling x4  
  142  9:54  Zergling x2  
  142  9:59  Zergling x20  
  137  10:01  Baneling x9  
  137  10:05  Queen  
  137  10:07  Zergling x4  
  135  10:08  Zergling x8, Queen  
  135  10:11  Zergling x2  
  135  10:12  Zergling x4  
  145  10:14  Zerg Ground Armor Level 3, Zerg Melee Weapons Level 2  
  145  10:16  Hatchery, Ravager  
  145  10:17  Overseer, Ravager x2  
  145  10:18  Baneling  
  145  10:19  Baneling x2  
  145  10:20  Baneling x7, Zergling x4  
  149  10:22  Zergling x4  
  149  10:24  Zergling x4  
  149  10:25  Zergling x2  
  149  10:26  Zergling x2  
  149  10:27  Zergling x8  
  159  10:29  Zergling x2, Queen  
  159  10:30  Zergling x2  
  159  10:31  Zergling x2  
  159  10:32  Baneling x3, Zergling x2  
  159  10:34  Zergling x2  
  166  10:37  Zergling x2  
  166  10:38  Zergling x10  
  166  10:40  Zerg Flyer Weapons Level 1  
  171  10:43  Zergling x6  
  171  10:47  Zergling x2  
  152  10:54  Viper  
  152  10:55  Viper  
  155  10:58  Zergling x22  
  155  10:59  Baneling, Zergling x2  
  155  11:00  Baneling x3  
  155  11:04  Zergling x10  
  167  11:06  Baneling x7  
  167  11:07  Baneling  
  167  11:08  Baneling  
  167  11:09  Zergling x4  
  172  11:11  Zergling x2  
  172  11:12  Zergling x4  
  172  11:16  Zergling x6  
  178  11:18  Baneling x3  
  178  11:19  Baneling  
  178  11:21  Zergling x10  
  178  11:24  Zergling x4  
  185  11:31  Zergling x4  
  185  11:32  Zergling x4  
  189  11:37  Zergling x2  
  189  11:38  Zergling x2  
  191  11:44  Corruptor x3  
  191  11:45  Corruptor  
  191  11:47  Overlord  
  188  12:00  Zergling x16  
  174  12:04  Zergling x6  
  176  12:13  Corruptor  
  176  12:14  Corruptor x6  
  172  12:16  Brood Lord x3  
  172  12:19  Drone x2, Extractor  
  172  12:20  Zergling x4, Extractor  
  179  12:24  Brood Lord  
  179  12:27  Drone x2  
  182  12:30  Zergling x2  
  182  12:31  Zergling x24  
  195  12:41  Baneling x2  
  195  12:43  Baneling x2, Infestor  
  195  12:44  Infestor  
  195  12:47  Zerg Flyer Armor Level 1  
  199  12:53  Spine Crawler, Spore Crawler  
  199  12:58  Corruptor  
  197  13:02  Overlord  
  199  13:08  Overlord  
  199  13:12  Extractor  
  198  13:13  Spine Crawler  
  198  13:14  Spore Crawler  
  198  13:15  Hatchery, Spore Crawler  
  198  13:17  Drone x2  
  198  13:18  Drone  
  198  13:19  Infestor  
  199  13:24  Spire  
  198  13:29  Baneling x7  
  198  13:31  Zergling x2  
  198  13:48  Spore Crawler x2  
  197  13:50  Spore Crawler x2  
  197  13:51  Spine Crawler  
  197  13:52  Spine Crawler x2  
  191  13:57  Baneling  
  191  13:58  Baneling  
  191  14:03  Brood Lord  
  191  14:04  Brood Lord x2  
  191  14:05  Zerg Melee Weapons Level 3  
  191  14:07  Overseer  
  197  14:14  Spine Crawler  
  197  14:15  Spine Crawler x2  
  194  14:17  Baneling x2  
  194  14:20  Viper x2  
  194  14:22  Overseer  
  200  14:25  Pneumatized Carapace  
  200  14:33  Overseer  
  200  14:37  Spine Crawler x2  
  198  14:39  Spine Crawler, Zerg Flyer Weapons Level 2  
  198  14:43  Zerg Flyer Armor Level 2, Spawning Pool  
  194  14:48  Corruptor x3  
  188  15:07  Drone x2  
  188  15:11  Overseer  
  189  15:18  Brood Lord x2, Corruptor x3  
  189  15:20  Overseer  
  199  15:22  Baneling x7  
  173  15:52  Zergling x36  
  173  15:55  Zergling x4  
  173  15:56  Zergling x14  
  194  16:04  Brood Lord  
  194  16:05  Brood Lord  
  194  16:08  Overseer x2  
  193  16:35  Corruptor x3  
  193  16:36  Baneling  
  193  16:37  Baneling x10  
  199  16:46  Baneling x6  
  191  17:09  Corruptor  
  191  17:10  Corruptor x4  
  185  17:24  Corruptor x6  
  185  17:28  Overseer  
  186  17:42  Drone x12  
  194  17:46  Drone x2  
  194  17:48  Drone  
  194  17:50  Drone  
  198  17:54  Extractor  
  197  18:02  Corruptor  
  199  18:10  Extractor  
  182  18:30  Viper  
  182  18:31  Corruptor x4  
  189  18:45  Spore Crawler  
  189  18:46  Spine Crawler  
  189  18:47  Spine Crawler x2  
  185  18:48  Corruptor x2  
  185  18:49  Corruptor  
  191  18:58  Brood Lord x2, Corruptor x2  
  191  19:02  Zerg Flyer Weapons Level 3, Zerg Flyer Armor Level 3  
  199  19:03  Overseer  
  199  19:13  Spine Crawler  
  196  19:36  Spine Crawler  
  196  19:37  Spine Crawler  
  196  19:38  Spine Crawler  
  193  19:46  Spine Crawler  
  193  19:48  Brood Lord, Hatchery  
  193  19:49  Brood Lord, Corruptor x2  
  185  20:30  Brood Lord x3  
  185  20:33  Zergling x2  
  185  20:34  Zergling x10  
  197  20:44  Spine Crawler  
  197  20:45  Zergling x2  
  197  20:46  Zergling x6, Spine Crawler  
  199  21:08  Baneling x6  
  199  21:13  Zergling x2  
  200  21:20  Hatchery  
Tags
 
Add a new tag
Caveats
  • Supply blocks, unpowered buildings, or Contaminate may cause inaccurate times.
  • Supply counts are checked every 10 seconds.